AoeStats
← Senator Sloth

Lombardia

507636958Analyzed
3v3 RM · 12d ago on Sep 19, 2026· 65m 28s· 6 players
Game mode
Random Map
Map size
Normal (6 player)
Population
200
Speed
Normal
Resources
Standard
Victory
Conquest
Starting age
Dark Age
Ending age
Imperial Age
RankedLock teamsTeams togetherTeam positionsShared explorationLock speedFull tech treeHidden civsTurbo modeCheats
Victory
Defeat
🇺🇸 Chinese · United States
806
+16
🇺🇸 Franks · United States
787
+16
🇺🇸 Tatars · United States
727
+19
🇦🇷 Poles · Argentina
967
-24
🇦🇷 Spanish · Argentina
815
-18
🇦🇷 Bohemians · Argentina
596
-9
RazorCoco1
5:24 Loom
11:15 Feudal Age
18:04 Forging
18:01 Scale Barding Armor
23:29 Castle Age
24:59 Husbandry
25:28 Double-Bit Axe
26:00 Stone Mining
26:41 Bow Saw
29:13 Iron Casting
29:31 Wheelbarrow
32:01 Chain Barding Armor
35:41 Gold Mining
38:35 Imperial Age
36:23 Hand Cart
37:51 Pikeman
38:32 Squires
40:50 Blast Furnace
40:26 Plate Barding Armor
40:11 Capped Ram
40:36 Cavalier
42:01 Paladin
43:48 Fervor
45:58 Caravan
47:12 Scale Mail Armor
52:09 Chivalry
53:23 Fletching
53:35 Padded Archer Armor
53:03 Elite Skirmisher
54:10 Ballistics
53:46 Murder Holes
54:28 Elite Throwing Axeman
54:56 Halberdier
55:22 Gambesons
55:23 Arson
58:26 Chain Mail Armor
Senator Sloth
0:29 Loom
12:33 Feudal Age
14:38 Fletching
14:48 Padded Archer Armor
16:21 Gold Mining
16:19 Double-Bit Axe
16:36 Horse Collar
18:29 Wheelbarrow
18:10 Stone Mining
21:54 Arson
30:45 Castle Age
29:33 Forging
29:24 Scale Mail Armor
31:30 Caravan
32:01 Leather Archer Armor
31:17 Crossbowman
32:41 Hand Cart
33:17 Thumb Ring
33:09 Bodkin Arrow
33:30 Chain Mail Armor
33:19 Squires
32:41 Pikeman
33:51 Squires
35:53 Iron Casting
38:38 Bow Saw
43:07 Imperial Age
41:16 Ballistics
43:36 Gold Shaft Mining
43:53 Stone Shaft Mining
43:36 Heavy Plow
44:26 Ring Archer Armor
43:56 Bracer
44:57 Blast Furnace
44:27 Plate Mail Armor
43:20 Arbalester
43:53 Elite Skirmisher
44:51 Halberdier
47:17 Two-Man Saw
46:25 Elite Fire Lancer
48:21 Chemistry
46:55 Capped Ram
48:06 Siege Ram
49:19 Masonry
54:45 Heavy Rocket Cart
57:45 Rocketry
Sexy Rhino
13:13 Feudal Age
17:01 Double-Bit Axe
17:00 Horse Collar
21:47 Castle Age
21:34 Stone Mining
24:08 Wheelbarrow
23:19 Loom
25:06 Husbandry
30:27 Bloodlines
30:25 Scale Barding Armor
30:31 Forging
33:24 Bow Saw
33:17 Heavy Plow
34:48 Caravan
43:46 Imperial Age
41:50 Gold Mining
44:08 Gold Shaft Mining
44:30 Hand Cart
45:06 Heavy Camel Rider
46:14 Chain Barding Armor
45:55 Scale Mail Armor
46:31 Iron Casting
45:31 Elite Keshik
47:23 Crop Rotation
48:02 Town Watch
52:46 Plate Barding Armor
53:15 Blast Furnace
Elba Bieca
13:05 Feudal Age
17:56 Castle Age
16:40 Double-Bit Axe
16:48 Horse Collar
23:16 Pikeman
31:52 Scale Mail Armor
31:55 Squires
35:10 Heavy Plow
35:04 Arson
35:59 Wheelbarrow
37:16 Hand Cart
37:15 Bow Saw
40:54 Chemistry
42:59 Loom
46:21 Imperial Age
43:40 Town Watch
44:22 Padded Archer Armor
45:50 Town Patrol
47:45 Ballistics
46:56 Halberdier
47:50 Forging
47:55 Chain Mail Armor
47:56 Leather Archer Armor
48:18 Conscription
51:07 Hussite Reforms
52:41 Wagenburg Tactics
52:53 Fervor
53:03 Block Printing
53:22 Illumination
53:50 Theocracy
52:51 Houfnice
54:22 Iron Casting
54:18 Plate Mail Armor
54:19 Ring Archer Armor
58:48 Blast Furnace
57:40 Fletching
62:32 Bodkin Arrow
64:55 Bracer
Jack-o
13:20 Feudal Age
18:05 Castle Age
16:29 Double-Bit Axe
16:58 Horse Collar
19:50 Bow Saw
21:20 Stone Mining
21:21 Gold Mining
25:33 Padded Archer Armor
29:31 Wheelbarrow
31:12 Stone Shaft Mining
30:43 Heavy Plow
32:06 Hand Cart
33:32 Ballistics
37:29 Imperial Age
35:42 Pikeman
36:23 Squires
36:17 Elite Skirmisher
39:22 Two-Man Saw
39:24 Chemistry
40:16 Conscription
40:49 Halberdier
42:18 Elite Conquistador
Dr. Sexo
13:48 Feudal Age
18:07 Castle Age
17:17 Horse Collar
17:25 Double-Bit Axe
21:55 Husbandry
22:06 Bloodlines
21:53 Gold Mining
22:18 Bow Saw
29:05 Forging
33:39 Iron Casting
33:10 Scale Barding Armor
35:31 Ballistics
36:08 Chain Barding Armor
40:22 Imperial Age
38:32 Wheelbarrow
39:00 Szlachta Privileges
39:04 Padded Archer Armor
39:35 Thumb Ring
39:55 Thumb Ring
41:47 Heavy Cavalry Archer
43:32 Blast Furnace
42:47 Leather Archer Armor
43:01 Caravan
44:33 Cavalier
45:47 Conscription
45:30 Fletching
47:06 Bodkin Arrow
47:12 Scale Mail Armor
51:24 Pikeman
52:04 Squires
51:50 Arson
53:16 Chemistry
52:56 Hand Cart
53:10 Bracer
53:26 Chain Mail Armor
Connection lost

Rejoining the realm…

Still unreachable

The connection could not be restored.

Session expired

The server has moved on; the page needs a fresh start.